 Dungeon Crawl Stone Soup version 0.21-a0-203-gb066a6e (webtiles) character file.

1643 ultrarafasan the Poker (level 8, -4/69 HPs)
             Began as a Minotaur Skald on Aug 20, 2017.
             Was a Believer of Dithmenos.
             Killed from afar by a deep elf mage (13 damage)
             ... with a bolt of magma
             ... on level 7 of the Dungeon.
             The game lasted 01:03:10 (5790 turns).

ultrarafasan the Poker (Minotaur Skald)             Turns: 5790, Time: 01:03:11

Health: -4/69      AC: 10    Str: 19    XL:     8   Next: 67%
Magic:  8/9        EV: 11    Int: 10    God:    Dithmenos [**....]
Gold:   281        SH:  0    Dex:  9    Spells: 1/10 levels left

rFire    . . .     SeeInvis .   d - +0 scythe (vamp)
rCold    . . .     Gourm    .   (shield currently unavailable)
rNeg     . . .     Faith    .   z - +1 scale mail
rPois    .         Spirit   .   (helmet restricted)
rElec    .         Reflect  .   (no cloak)
rCorr    .         Harm     .   B - +1 pair of gloves
MR       .....     Rnd*Rage +   (no boots)
Stlth    ..........             (no amulet)
HPRegen  0.21/turn              (no ring)
MPRegen  0.11/turn              (no ring)

@: lethally poisoned (-4 -> -9), berserk cooldown, very slightly contaminated,
slowed, wreathed by umbra, drained, very slow
A: retaliatory headbutt, horns 2, berserk 1, sturdy frame 1
a: Shadow Step, Renounce Religion


You were on level 7 of the Dungeon.
You worshipped Dithmenos.
Dithmenos was pleased with you.
You were full.

You visited 1 branch of the dungeon, and saw 7 of its levels.

You collected 281 gold pieces.

Inventory:

Hand Weapons
 a - a +0 spear
 d - a +0 vampiric scythe (weapon)
 e - a +0 short sword
 g - a +0 club
 h - a +0 spear
 i - a +0 short sword
 l - a +0 club
 m - a +0 glaive
 p - a +0 dagger of venom (quivered)
 q - a +0 dagger
 u - a +2 flail of draining
 y - a +0 flail
 G - a +0 whip
Missiles
 k - 52 arrows
 w - 107 stones
Armour
 b - a +0 leather armour
 f - a +0 buckler
 o - a +0 ring mail
 s - a +0 ring mail
 z - a +1 scale mail (worn)
 B - a +1 pair of gloves (worn)
 F - a +0 ring mail
 H - a +0 cloak
Magical Staves
 E - an uncursed staff of power
Wands
 r - a wand of clouds (6/9)
 x - a wand of flame (19/48)
Scrolls
 n - a scroll of fog
 v - a scroll of amnesia
 I - a scroll of blinking
Books
 c - a book of Battle

   Spells                             Type                      Level
   a - Infusion                       Charms                       1
   b - Shroud of Golubria             Charms/Translocation         2
   c - Song of Slaying                Charms                       2
   d - Spectral Weapon                Hexes/Charms                 3
   e - Regeneration                   Charms/Necromancy            3
 t - a book of Conjurations

   Spells                             Type                      Level
   a - Magic Dart                     Conjuration                  1
   b - Searing Ray                    Conjuration                  2
   c - Dazzling Spray                 Conjuration/Hexes            3
   d - Fulminant Prism                Conjuration/Hexes            4
   e - Force Lance                    Conjuration/Translocation    4
   f - Iskenderun's Mystic Blast      Conjuration                  4
 D - a book of Cantrips

   Spells                             Type                      Level
   a - Confusing Touch                Hexes                        1
   b - Animate Skeleton               Necromancy                   1
   c - Summon Small Mammal            Summoning                    1
   d - Apportation                    Translocation                1
Comestibles
 j - a bread ration
 A - 3 meat rations


   Skills:
 * Level 5.5(4.8) Fighting
 * Level 7.3(6.7) Polearms
 + Level 1.0(4.0) Staves
 * Level 5.8(5.1) Armour
 * Level 4.5(3.8) Dodging
 * Level 2.9(2.3) Stealth
 - Level 1.5(0.9) Spellcasting
 * Level 3.4(2.8) Charms


You had one spell level left.
You knew the following spells:

 Your Spells              Type           Power        Failure   Level  Hunger
a - Infusion              Chrm           #...         22%         1    ##.....
b - Shroud of Golubria    Chrm/Tloc      #.........   50%         2    ###....
c - Song of Slaying       Chrm           #.......     32%         2    ###....
d - Magic Dart            Conj           #...         56%         1    ##.....
e - Spectral Weapon       Hex/Chrm       #.......     75%         3    ####...


Dungeon Overview and Level Annotations

Branches:
Dungeon (7/15)
 Temple: D:4-7

Altars:
Dithmenos

Annotations:
D:7 FIREandBLOOD's ghost, novice OpFE


Innate Abilities, Weirdness & Mutations

You reflexively headbutt those who attack you in melee.
You have a pair of horns on your head.
You tend to lose your temper in combat.
Your movements are slightly less encumbered by armour. (ER -2)


Message History

You barely miss the earth elemental.
The earth elemental is moderately damaged.
FIREandBLOOD's ghost hits you. The earth elemental hits you!
* * * LOW HITPOINT WARNING * * *
FIREandBLOOD's ghost says, "The agents of utter destruction are not stopped by death."
FIREandBLOOD's ghost hits you.
* * * LOW HITPOINT WARNING * * *
You are too berserk!
An ogre comes into view. It is wielding a giant club.
You feel a strong urge to attack something.
You are no longer berserk.
You are exhausted.
You feel yourself slow down.
You feel sick.
FIREandBLOOD's ghost stares at you and mumbles some strange words.
The sting hits you!
You are more poisoned.
* * * LOW HITPOINT WARNING * * *
The deep elf mage gestures at you while chanting.
The bolt of magma hits you!
You die...

####..# #..#... ...
.#...#..# . ..##...
....# . .......##...# .
............# .#
.......?....# ..
..........$@#
..###........e...#
....<....###..#.E#
.........##.O##)W##
>............##...##
..............#....# .
..........##..#..#......
........?.#...#..#.#....
..........#.#......?....


You could see an earth elemental, a deep elf mage, an ogre and FIREandBLOOD's
ghost.

Vanquished Creatures
  Sigmund (D:5)
  Menkaure (D:6)
  Edmund (D:6)
  2 ogres
  2 centaurs (D:5)
  A gnoll sergeant (D:6)
  3 howler monkeys
  3 crimson imps
  A hound (D:5)
  An orc priest (D:6)
  3 bullfrog skeletons
  3 iguanas
  2 orc wizards
  A centaur skeleton (D:5)
  Natasha (twice) (D:2)
  2 worker ants
  Terence (D:3)
  3 gnolls (D:6)
  7 adders
  An adder zombie (D:6)
  4 worms
  3 dart slugs
  7 leopard geckos
  11 orcs
  2 ball pythons (D:5)
  4 giant cockroaches
  2 hobgoblins
  16 jackals
  4 kobolds
  5 quokkas
  5 bats
  3 frilled lizards
  5 goblins
  A leopard gecko skeleton (D:7)
  2 quokka skeletons
  A quokka zombie (D:6)
  25 rats
141 creatures vanquished.

Notes
Turn   | Place    | Note
-------+----------+-------------------------------------------
     0 | D:1      | ultrarafasan the Minotaur Skald began the quest for the Orb.
     0 | D:1      | Reached XP level 1. HP: 18/18 MP: 1/1
   987 | D:1      | Reached XP level 2. HP: 25/25 MP: 3/3
  1049 | D:1      | Learned a level 2 spell: Shroud of Golubria
  1345 | D:2      | Found a shadowy altar of Dithmenos.
  1351 | D:2      | Reached XP level 3. HP: 27/30 MP: 4/4
  1531 | D:2      | Reached skill level 3 in Polearms
  1592 | D:2      | Learned a level 2 spell: Song of Slaying
  1643 | D:2      | Noticed Natasha
  1655 | D:2      | Killed Natasha
  1655 | D:2      | Reached XP level 4. HP: 27/38 MP: 5/5
  1797 | D:2      | Became a worshipper of Dithmenos the Shadowed
  2019 | D:2      | Noticed Natasha
  2026 | D:2      | Killed Natasha
  2252 | D:3      | Learned a level 1 spell: Magic Dart
  2531 | D:3      | Noticed Terence
  2573 | D:3      | Killed Terence
  2573 | D:3      | Reached XP level 5. HP: 45/45 MP: 3/6
  2943 | D:3      | Reached * piety under Dithmenos
  3124 | D:4      | Reached skill level 4 in Polearms
  3180 | D:4      | Reached XP level 6. HP: 43/52 MP: 4/7
  3566 | D:5      | Entered Level 5 of the Dungeon
  3681 | D:5      | Noticed Sigmund
  3715 | D:5      | Killed Sigmund
  3715 | D:5      | Reached skill level 5 in Polearms
  3715 | D:5      | Reached skill level 1 in Stealth
  3715 | D:5      | Reached XP level 7. HP: 26/60 MP: 6/8
  3720 | D:5      | Learned a level 3 spell: Spectral Weapon
  3883 | D:5      | Reached ** piety under Dithmenos
  3951 | D:5      | Gained mutation: You tend to lose your temper in combat. [potion of mutation]
  3951 | D:5      | Gained mutation: Your movements are slightly less encumbered by armour. (ER -2) [potion of mutation]
  4013 | D:5      | Reached skill level 6 in Polearms
  4331 | D:5      | Reached skill level 1 in Staves
  4788 | D:6      | Reached skill level 5 in Fighting
  4788 | D:6      | Reached XP level 8. HP: 66/68 MP: 9/9
  4812 | D:6      | Noticed Menkaure
  4823 | D:6      | Killed Menkaure
  4823 | D:6      | Reached skill level 5 in Armour
  5326 | D:6      | Noticed Edmund
  5342 | D:6      | Killed Edmund
  5342 | D:6      | Reached skill level 7 in Polearms
  5739 | D:7      | Noticed FIREandBLOOD's ghost (novice OpFE)
  5743 | D:7      | Noticed a deep elf mage
  5790 | D:7      | Killed from afar by a deep elf mage

Vault maps used:
D:1:      minmay_arrival_split_and_join, minmay_crystal_room, minivault_24
D:2:      nicolae_dithmenos_shadow_blocks, uniq_natasha
D:3:      first_bread, minmay_rat_hole, uniq_terence
D:5:      uniq_sigmund
D:6:      hangedman_decor_slide_cut, uniq_menkaure, uniq_edmund
D:7:      minmay_temple_entry_enclosed_plants, serial_shops, kennysheep_mini

Skill      XL: |  1  2  3  4  5  6  7  8 |
---------------+-------------------------+-----
Polearms       | 3 4 5 6 7 |  7.3
Fighting       | 3 4 5 |  5.5
Armour         | 2 3 4 5 |  5.8
Dodging        | 3 4 |  4.5
Stealth        | 1 2 |  2.9
Charms         | 3 |  3.4
Staves         | 1 |  1.0
Spellcasting   | |  1.5

Action                   |  1- 3 |  4- 6 |  7- 9 || total
-------------------------+-------+-------+-------++-------
Melee: Spear             |   103 |    82 |       ||   185
       Headbutt          |     6 |    17 |    26 ||    49
       Glaive            |       |    50 |     1 ||    51
       Scythe            |       |       |   137 ||   137
       Staff             |       |       |    18 ||    18
Throw: Stone             |       |       |     2 ||     2
 Cast: Infusion          |     1 |     3 |     2 ||     6
       Shroud of Golubri |     1 |     1 |     1 ||     3
       Magic Dart        |       |     5 |     2 ||     7
       Spectral Weapon   |       |       |     1 ||     1
Evoke: Wand              |       |       |     2 ||     2
  Use: Potion            |     3 |     6 |    10 ||    19
       Scroll            |     5 |     5 |    11 ||    21
  Eat: Royal jelly       |     1 |     1 |       ||     2
       Bread ration      |     2 |       |     2 ||     4
       Meat ration       |       |     1 |       ||     1
Armor: Leather armour    |    26 |       |       ||    26
       Ring mail         |     4 |     8 |       ||    12
       Scale mail        |       |    49 |   107 ||   156
       Skin              |       |       |    18 ||    18
Dodge: Dodged            |    66 |    83 |   212 ||   361
